 Dungeon Crawl Stone Soup version 0.19-a0-722-g27ac516 (webtiles) character file.

143 Folk the Magician (level 5, -5/36 HPs)
             Began as an Octopode Wizard on June 21, 2016.
             Slain by a slave (8 damage)
             ... led by Pikel
             ... on level 3 of the Dungeon.
             The game lasted 00:19:55 (2769 turns).

Folk the Magician (Octopode Wizard)                 Turns: 2769, Time: 00:19:56

Health: -5/36      AC:  1    Str:  7    XL:     5   Next: 25%
Magic:  0/10       EV: 12    Int: 20    God:
Gold:   74         SH:  0    Dex: 11    Spells: 4 memorised, 2 levels left

rFire  . . .     SeeInvis .     l - +0 short sword
rCold  . . .     Gourm    .     (no shield)
rNeg   . . .     Faith    .     a - +0 hat
rPois  .         Spirit   .     q - amulet of magic regeneration
rElec  .         Dismiss  .     (no ring)
rCorr  .         Reflect  .     (no ring)
SustAt .         Harm     .     (no ring)
MR     .....                    (no ring)
Stlth  +++.......               (no ring)
                                (no ring)
                                (no ring)
                                (no ring)

@: very slightly contaminated, hasted, very quick, not resistant to hostile
enchantments, fairly stealthy
A: almost no armour, amphibious, 8 rings, constrict 8, camouflage 1, gelatinous
body 1
a: no special abilities


You were on level 3 of the Dungeon.
You were hungry.

You visited 1 branch of the dungeon, and saw 4 of its levels.

You collected 74 gold pieces.

Inventory:

Hand Weapons
 d - a +0 dagger
 j - a +0 whip
 l - a +0 short sword (weapon)
 r - a cursed -1 spear
Armour
 a - a +0 hat (worn)
Jewellery
 q - an amulet of magic regeneration (around mantle)
Scrolls
 m - 2 scrolls of identify
 n - a scroll of amnesia
Potions
 f - 2 potions of resistance {unknown}
 h - 2 potions of curing {unknown}
Books
 b - a book of Minor Magic

   Spells                             Type                      Level
   a - Magic Dart                     Conjuration                  1
   b - Blink                          Translocation                2
   c - Call Imp                       Summoning                    2
   d - Repel Missiles                 Charms/Air                   2
   e - Slow                           Hexes                        2
   f - Conjure Flame                  Conjuration/Fire             3
   g - Mephitic Cloud                 Conjuration/Poison/Air       3
 o - a book of Cantrips

   Spells                             Type                      Level
   a - Corona                         Hexes                        1
   b - Animate Skeleton               Necromancy                   1
   c - Summon Small Mammal            Summoning                    1
   d - Apportation                    Translocation                1
 p - a book of Misfortune

   Spells                             Type                      Level
   a - Confusing Touch                Hexes                        2
   b - Confuse                        Hexes                        3
   c - Gell's Gravitas                Hexes/Translocation          3
   d - Petrify                        Transmutation/Earth          4
   e - Metabolic Englaciation         Hexes/Ice                    5
   f - Yara's Violent Unravelling     Hexes/Transmutation          5
Comestibles
 c - 3 bread rations
 i - 3 meat rations


   Skills:
 - Level 3.1 Fighting
 - Level 2.0 Dodging
 - Level 2.6 Stealth
 - Level 3.4 Spellcasting
 + Level 1.7 Conjurations
 - Level 1.0 Summonings
 - Level 1.0 Translocations
 * Level 2.6 Poison Magic


You had 2 spell levels left.
You knew the following spells:

 Your Spells              Type           Power        Failure   Level  Hunger
a - Magic Dart            Conj           ##..         10%         1    None
b - Call Imp              Summ           #.......     17%         2    ##.....
c - Blink                 Tloc           N/A          17%         2    ##.....
d - Mephitic Cloud        Conj/Pois/Air  #.......     24%         3    ###....


Dungeon Overview and Level Annotations

Branches:
Dungeon (4/15)
 Temple: D:4-7

Altars:

Annotations:
D:3 Pikel


Innate Abilities, Weirdness & Mutations

You cannot wear most types of armour.
You are amphibious.
You can wear up to eight rings at the same time.
You can use your tentacles to constrict eight enemies at once.
Your skin changes colour to match your surroundings (Stealth+).
Your rubbery body absorbs attacks. (AC +1)


Message History

Casting: Magic Dart
Confirm with . or Enter, or press ? or * to list all spells.
A beastly little devil appears in a puff of frigid air.
The slave hits you!
* * * LOW HITPOINT WARNING * * *
Your white imp gestures at the slave.
The puff of frost hits the slave.
There is a stone staircase leading up here.
You feel yourself speed up.
Pikel hits your white imp but does no damage.
The slave hits you!
* * * LOW HITPOINT WARNING * * *
Your white imp barely misses Pikel.
You are very lightly contaminated with residual magic.
Your white imp disappears in a puff of smoke!
Casting: Call Imp
Confirm with . or Enter, or press ? or * to list all spells.
A beastly little devil appears in a puff of frigid air.
The slave hits you!
You die...

...#.........#
...........(.#
.............#
.............#
.............#
<............#####
....###......<...#
....# #..........#
....# #.........@#
....# #......K5p.#
....###...>...5..#
.##..##.[........#
####.##..........#
#.##..........#
#.##.#....#####
#.##.#....#
#.##.#....#


You could see Pikel, a slave and 2 friendly white imps.

Vanquished Creatures
  A giant frog skeleton (D:4)
  Ijyb (D:2)
  An adder (D:4)
  3 orcs (D:3)
  7 bats
  3 giant cockroaches
  10 goblins
  2 hobgoblins
  2 jackals (D:3)
  A ball python (D:1)
  8 giant newts
  8 kobolds
  4 rats
51 creatures vanquished.

Vanquished Creatures (collateral kills)
  A slave (D:4)
  A howler monkey (D:4)
  A giant frog skeleton (D:4)
  An adder (D:2)
  2 worms
  A giant cockroach (D:2)
  A goblin (D:2)
8 creatures vanquished.

Grand Total: 59 creatures vanquished

Notes
Turn   | Place    | Note
--------------------------------------------------------------
     0 | D:1      | Folk the Octopode Wizard began the quest for the Orb.
     0 | D:1      | Reached XP level 1. HP: 11/11 MP: 4/4
   234 | D:1      | Reached skill level 1 in Fighting
   234 | D:1      | Reached XP level 2. HP: 18/18 MP: 3/6
   242 | D:1      | Learned a level 2 spell: Call Imp
   245 | D:1      | Learned a level 2 spell: Blink
   512 | D:1      | You fall through a shaft!
   772 | D:2      | Reached XP level 3. HP: 14/24 MP: 1/7
  1081 | D:2      | Noticed Ijyb
  1301 | D:2      | Killed Ijyb
  1778 | D:2      | Learned a level 3 spell: Mephitic Cloud
  1803 | D:3      | Reached XP level 4. HP: 30/30 MP: 3/9
  2272 | D:3      | Reached skill level 1 in Poison Magic
  2331 | D:4      | Noticed a slave
  2331 | D:4      | Noticed a slave
  2333 | D:4      | Noticed Pikel
  2333 | D:4      | Noticed a slave
  2374 | D:4      | Killed a slave
  2515 | D:4      | Noticed a slave
  2525 | D:4      | Reached XP level 5. HP: 36/36 MP: 2/10
  2769 | D:3      | Slain by a slave

Vault maps used:
D:1:      dpeg_arrival_boxes_within_box
D:2:      uniq_iyjb
D:4:      kennysheep_mini, first_bread, uniq_blork_the_orc, uniq_edmund,
          uniq_pikel

Skill      XL: |  1  2  3  4 |
---------------+-------------+-----
Fighting       | 1 2 3 |  3.1
Poison Magic   | 2 |  2.6
Dodging        | |  2.0
Stealth        | |  2.6
Spellcasting   | |  3.4
Conjurations   | |  1.7
Summonings     | |  1.0
Translocations | |  1.0

Action                   |  1- 3 |  4- 6 || total
-------------------------+-------+-------++-------
Melee: Whip              |    11 |       ||    11
       Constrict         |     8 |    10 ||    18
       Dagger            |     3 |       ||     3
       Tentacles         |     4 |     5 ||     9
       Unarmed           |     2 |       ||     2
       Short sword       |    21 |    33 ||    54
 Cast: Magic Dart        |    49 |    38 ||    87
       Call Imp          |     9 |    17 ||    26
       Mephitic Cloud    |       |     3 ||     3
       Blink             |       |     2 ||     2
  Use: Scroll            |     5 |     5 ||    10
       Potion            |       |     1 ||     1
 Stab: Sleeping          |     5 |     1 ||     6
  Eat: Chunk             |     3 |     3 ||     6
Armor: Skin              |     3 |     3 ||     6
Dodge: Dodged            |    19 |    16 ||    35
